cohdb
Replays
Latest Replays
All Replays
Popular Replays
Top Player Replays
Match Explorer
How It Works
Community
CoH3 Stats
Reddit
Sign in to upload your games and track your stats! →
Sign in with Steam
Match 42089331
Unlisted
Match 42089331
Overview
Messages
Build Orders
End
Selects Battlefield Espionage Battlegroup
Panzergrenadier Squad
Panzergrenadier Squad
250 Light Carrier
Selects Sector Subterfuge Beacon
Kradschützen Motorcycle Team
Construct Light Support Kompanie
2.5-tonne Medical Truck
Assault Mechanized Group
Fire Support Elements
Pak 38 Anti-tank Gun Team
2.5-tonne Medical Truck
Selects Plunder
Selects 250/3 Funkpanzerwagen
Selects Anti-Tank Incendiary Munitions
Panzerjäger Squad
Panzerjäger Mechanized Group
Construct Panzerarmee Kommand
Armored Reserves
Selects Operation Skorpion
Selects Disruption Operation
Panzerjäger Squad
Panzerjäger Squad
Panzer IV Assault Group
CanKanbak
ßoo
0
0
Comments
sign in to comment!
No comments posted yet!